 Dungeon Crawl Stone Soup version 0.21-a0-270-g8204059 (webtiles) character file.

89 spacecwb the Cudgeler (level 4, 0/27 HPs)
             Began as a Gargoyle Gladiator on Sept 11, 2017.
             Was a Follower of Ashenzari.
             Slain by a wyvern zombie (4 damage)
             ... on level 3 of the Dungeon on Sept 13, 2017.
             The game lasted 00:12:16 (3069 turns).

spacecwb the Cudgeler (Gargoyle Gladiator)          Turns: 3069, Time: 00:12:16

Health: 0/27       AC: 11    Str: 18    XL:     4   Next: 55%
Magic:  4/4        EV: 10    Int:  9    God:    Ashenzari [*.....]
Gold:   107        SH:  0    Dex: 11    Spells: 3/3 levels left

rFire    . . .     SeeInvis .   a - +0 flail
rCold    . . .     Gourm    .   (no shield)
rNeg     + . .     Faith    .   J - +0 scale mail
rPois    ∞         Spirit   .   c - +0 helmet
rElec    +         Reflect  .   (no cloak)
rCorr    .         Harm     .   (no gloves)
MR       +....                  (no boots)
Stlth    ..........             (no amulet)
HPRegen  0.09/turn              k - ring of flight
MPRegen  0.09/turn              z - ring of protection from magic

@: very slow
A: negative energy resistance 1, electricity resistance, unbreathing,
petrification resistance, rot immunity, AC +3
a: Curse Item, Scrying, Renounce Religion, Evoke Flight


You were on level 3 of the Dungeon.
You worshipped Ashenzari.
Ashenzari was aware of your devotion.
You were not hungry.

You visited 1 branch of the dungeon, and saw 3 of its levels.

You collected 107 gold pieces.

Inventory:

Hand Weapons
 a - a +0 flail (weapon)
 i - a +0 dagger
 o - a +0 short sword of draining
 s - a +0 short sword
 v - a +1 short sword of holy wrath
 w - a +0 mace of protection
 x - a cursed -2 club
 K - a +0 flail
Missiles
 d - a throwing net (quivered)
 n - 38 arrows
 p - 69 stones
 q - 15 poisoned needles
 D - 27 bolts
Armour
 b - a +0 leather armour
 c - a +0 helmet (worn)
 F - a +0 ring mail
 I - a +0 ring mail
 J - a +0 scale mail (worn)
Jewellery
 k - a ring of flight (left hand)
 z - a ring of protection from magic (right hand)
 L - a cursed -2 ring of intelligence
Scrolls
 e - a scroll of amnesia {unknown}
 j - a scroll of remove curse
 m - a scroll of random uselessness {unknown}
 r - a scroll of blinking {unknown}
 u - 2 scrolls of identify {unknown}
 y - a scroll of recharging {unknown}
 A - 2 scrolls of enchant armour {unknown}
 C - a scroll of magic mapping {unknown}
Potions
 h - 2 potions of ambrosia {unknown}
 l - a potion of mutation {unknown}
 t - a potion of invisibility {unknown}
 E - a potion of resistance {unknown}
 H - a potion of curing {unknown}
Comestibles
 f - a bread ration
 g - 2 fruits
 B - 2 meat rations
 G - a royal jelly
 M - a chunk of flesh


   Skills:
 + Level 2.3 Fighting
 + Level 3.9 Maces & Flails
 + Level 2.0 Throwing
 + Level 1.3 Armour
 + Level 3.1 Dodging
 + Level 0.8 Stealth


You had 3 spell levels left.
You didn't know any spells.

Dungeon Overview and Level Annotations

Branches:
Dungeon (3/15)

Altars:
Ashenzari


Innate Abilities, Weirdness & Mutations

You are resistant to torment.
Your stone body is resilient. (AC +3)
You are immune to poison.
You resist negative energy. (rN+)
You are resistant to electric shocks. (rElec)
You can survive without breathing.
You are immune to petrification.
You are immune to rotting.


Message History

The wyvern zombie bites you. The wyvern zombie closely misses you.
You barely miss the wyvern zombie.
The wyvern zombie is lightly damaged.
The wyvern zombie misses you.
You hit the wyvern zombie.
The wyvern zombie is lightly damaged.
The wyvern zombie bites you but does no damage.
The wyvern zombie bites you!
You hit the wyvern zombie but do no damage.
The wyvern zombie is lightly damaged.
The wyvern zombie barely misses you.
The wyvern zombie bites you but does no damage.
You hit the wyvern zombie.
The wyvern zombie is lightly damaged.
The wyvern zombie bites you but does no damage.
Your unstable footing causes you to fumble your attack.
The wyvern zombie bites you!
* * * LOW HITPOINT WARNING * * *
The wyvern zombie bites you.
You die...

# .. .#### .# ...#
≈♣ ###.###♣≈♣♣♣
.....≈≈P≈≈♣
###.#≈≈≈P≈≈♣♣♣ #.###
#.÷†≈≈≈≈≈≈≈≈P♣
#.....#<#≈Z≈≈≈≈≈≈≈≈≈
#......)P@P≈P≈≈≈≈≈≈≈
#.###.#.♣≈≈≈≈≈≈≈≈≈≈≈
#.#...≈≈≈≈≈≈≈≈≈≈ #
#.............
##≈.≈≈≈P≈≈≈≈≈≈
♣≈.≈≈≈P≈≈≈≈≈≈
♣≈.≈≈≈≈♣♣♣≈≈≈
≈P.≈≈≈♣♣


You could see a wyvern zombie.

Vanquished Creatures
  An ooze (D:2)
  2 worms (D:2)
  2 dart slugs (D:1)
  3 leopard geckos
  8 bats
  2 giant cockroaches
  5 goblins
  7 hobgoblins
  14 jackals
  A ball python (D:3)
  5 frilled lizards
  7 kobolds
  12 rats
69 creatures vanquished.

Notes
Turn   | Place    | Note
-------+----------+-------------------------------------------
     0 | D:1      | spacecwb the Gargoyle Gladiator began the quest for the Orb.
     0 | D:1      | Reached XP level 1. HP: 12/12 MP: 1/1
    49 | D:1      | Upgraded the game from 0.21-a0-265-gb353147 to 0.21-a0-270-g8204059
    53 | D:1      | Reached XP level 2. HP: 17/17 MP: 2/2
   464 | D:1      | Reached XP level 3. HP: 21/21 MP: 3/3
  1842 | D:2      | Found a faded altar of an unknown god.
  1849 | D:2      | Became a worshipper of Ashenzari the Shackled
  1849 | D:2      | Reached * piety under Ashenzari
  2001 | D:2      | Reached skill level 1 in Armour
  2001 | D:2      | Reached XP level 4. HP: 22/26 MP: 4/4
  3069 | D:3      | Slain by a wyvern zombie

Vault maps used:
D:1:      erik_arrival_cave_to_civilisation, minmay_misc_feat_room,
          roderic_lattice_a, st_stairs_1, minmay_misc_feat_columns,
          minivault_19, minmay_rat_gold_closets
D:2:      chequers_ecumenical_altar_simple_redux
D:3:      minmay_door_path, serial_bayou_lagoon_b

Skill      XL: |  1  2  3  4 |
---------------+-------------+-----
Throwing       | 2 |  2.0
Armour         | 1 |  1.3
Dodging        | 3 |  3.1
Fighting       | |  2.3
Maces & Flails | |  3.9
Stealth        | |  0.8

Action                   |  1- 3 |  4- 6 || total
-------------------------+-------+-------++-------
Melee: Flail             |   137 |   101 ||   238
       Mace              |    12 |       ||    12
Throw: Throwing net      |       |     2 ||     2
 Stab: Sleeping          |     2 |       ||     2
       Held in net/web   |       |     1 ||     1
  Eat: Fruit             |     1 |     1 ||     2
       Bread ration      |     1 |       ||     1
       Chunk             |       |     1 ||     1
Armor: Leather armour    |    66 |    36 ||   102
       Scale mail        |       |    39 ||    39
Dodge: Dodged            |   137 |    98 ||   235

Table legend:
 A = Spawn XP
 B = Non-spawn XP
 C = Spawn XP percentage of total XP
 D = Spawn monster count
 E = Non-spawn monster count
 F = Spawn count percentage of total count
 G = Total turns spent on level
                    A         B        C        D         E        F      G
               +---------+---------+-------+---------+---------+-------+---------
         Total |       0 |     128 |   0.0 |       0 |      69 |   0.0 |  3069
               +---------+---------+-------+---------+---------+-------+---------
           D:1 |       0 |      58 |   0.0 |       0 |      33 |   0.0 |  1452
           D:2 |       0 |      57 |   0.0 |       0 |      28 |   0.0 |  1550
           D:3 |       0 |      13 |   0.0 |       0 |       8 |   0.0 |    67
               +---------+---------+-------+---------+---------+-------+---------
